Map: Port Aleksander LE

Players

TIME (Oliveira) - Winner!

  • Race: Terran Terran
  • Spawn Location: 11:00

Kelazhur

  • Race: Terran Terran
  • League: Diamond
  • Spawn Location: 5:00

Event: 2019 WCS Winter Americas

VOD

Have the link to the VOD?

Description

Time

  • Played on: Feb. 17, 2019, 4:44 p.m.
  • Length: 9:02

All games in this series

Show
View Real Time Build Order
Export as new Build Order

TIME Terran - Winner!

Build Orders: Reaper Expand 

Get SALT Encoding   

  12  0:01  SCV  
  13  0:13  SCV  
  14  0:18  Supply Depot  
  14  0:25  SCV  
  15  0:39  SCV  
  15  0:42  Barracks  
  16  0:45  Refinery  
  16  0:52  SCV  
  17  1:04  SCV  
  18  1:16  SCV  
  19  1:29  Reaper, Orbital Command  
  20  1:45  Command Center  
  20  1:55  SCV  
  20  2:01  Supply Depot, Marine  
  21  2:07  SCV  
  23  2:12  Factory  
  23  2:19  Refinery  
  23  2:22  SCV  
  24  2:24  Barracks Reactor  
  24  2:34  SCV  
  25  2:47  SCV  
  26  2:57  Hellion, Starport  
  28  2:59  SCV  
  28  3:00  Orbital Command  
  28  3:02  Marine  
  28  3:04  Marine  
  31  3:07  Orbital Command  
  31  3:11  SCV  
  31  3:12  Refinery  
  32  3:19  Bunker, Factory Tech Lab  
  32  3:20  Marine  
  32  3:22  Marine  
  32  3:24  SCV  
  35  3:32  SCV  
  36  3:36  SCV  
  37  3:41  Raven  
  37  3:42  Marine x2  
  37  3:43  Factory Tech Lab  
  37  3:45  SCV  
  41  3:52  Supply Depot  
  41  3:57  SCV x2  
  45  4:07  Cyclone  
  45  4:09  Supply Depot  
  46  4:13  SCV x2  
  46  4:15  Marine x2  
  49  4:24  Raven  
  49  4:25  SCV x2  
  49  4:29  Supply Depot  
  53  4:33  Marine x2  
  53  4:38  SCV x2, Supply Depot  
  57  4:39  Siege Tank  
  60  4:50  SCV x2  
  62  5:00  Command Center, Supply Depot  
  62  5:05  SCV x2  
  64  5:12  Siege Tank  
  64  5:14  Viking  
  69  5:15  Viking  
  69  5:17  SCV  
  69  5:19  SCV  
  73  5:21  Stimpack  
  73  5:22  Marine  
  73  5:27  Refinery  
  74  5:29  Supply Depot  
  74  5:31  SCV x2  
  76  5:40  Supply Depot  
  76  5:42  Marine  
  76  5:45  Siege Tank  
  76  5:47  Viking  
  82  5:50  Viking  
  82  5:53  SCV  
  82  5:54  SCV, Supply Depot  
  86  6:00  Marine  
  86  6:05  Liberator  
  86  6:08  Engineering Bay x2  
  86  6:09  SCV  
  86  6:10  SCV  
  88  6:13  Orbital Command  
  88  6:18  Marine  
  83  6:21  Siege Tank  
  90  6:29  Viking  
  92  6:33  SCV  
  93  6:46  SCV  
  94  6:47  SCV  
  94  6:52  Terran Infantry Weapons Level 1, Terran Infantry Armor Level 1, Supply Depot  
  94  6:53  Barracks  
  94  6:54  Barracks  
  95  7:01  Viking  
  92  7:04  Orbital Command  
  92  7:07  Marine  
  92  7:08  Viking, Siege Tank  
  92  7:10  SCV  
  92  7:13  SCV  
  96  7:22  SCV  
  97  7:26  Combat Shield, Marine  
  97  7:28  SCV  
  97  7:29  SCV  
  100  7:31  Barracks  
  100  7:32  Barracks  
  100  7:34  SCV  
  100  7:35  Viking  
  101  7:40  SCV  
  99  7:44  Marine  
  99  7:46  Siege Tank  
  99  7:47  Viking  
  99  7:48  SCV  
  106  7:57  SCV x2  
  108  8:00  SCV, Barracks Reactor  
  109  8:07  Barracks Reactor  
  109  8:08  Viking  
  109  8:09  SCV x2  
  112  8:15  Marine  
  112  8:18  Siege Tank  
  112  8:19  Barracks Reactor x2  
  112  8:22  SCV  
  112  8:25  SCV  
  112  8:26  SCV  
  112  8:30  Refinery x2  
  112  8:33  Supply Depot  
  112  8:34  Sensor Tower  
  112  8:37  Marine  
  112  8:38  Armory, Marine  
  112  8:39  Missile Turret  
  112  8:41  Marine  
  114  8:42  Missile Turret x2  
  114  8:47  Command Center  
Show
View Real Time Build Order
Export as new Build Order

Kelazhur Terran 

Build Orders: Reaper Expand 

Get SALT Encoding   

  12  0:00  SCV  
  13  0:13  SCV  
  14  0:17  Supply Depot  
  14  0:25  SCV  
  15  0:39  SCV  
  15  0:41  Barracks  
  16  0:44  Refinery  
  16  0:51  SCV  
  17  1:03  SCV  
  18  1:15  SCV  
  19  1:28  Reaper, Orbital Command  
  20  1:46  Command Center  
  20  1:54  SCV  
  20  1:58  Supply Depot  
  20  2:00  Marine  
  22  2:07  SCV  
  23  2:15  Factory  
  23  2:20  SCV  
  24  2:26  Barracks Reactor  
  24  2:33  SCV  
  24  2:38  Refinery  
  24  2:45  SCV  
  25  2:57  SCV  
  26  2:59  Hellion  
  26  3:00  Starport, Orbital Command  
  28  3:06  Orbital Command  
  28  3:07  Marine x2  
  28  3:09  SCV  
  31  3:21  SCV, Factory Tech Lab  
  31  3:24  Marine x2  
  34  3:32  SCV  
  34  3:33  SCV  
  36  3:38  Starport Tech Lab  
  36  3:44  SCV  
  36  3:45  SCV, Marine x2  
  40  3:51  Supply Depot  
  40  3:52  Cyclone  
  43  3:56  SCV  
  43  3:57  SCV  
  43  3:59  Supply Depot  
  45  4:04  Marine  
  46  4:13  SCV x2, Raven, Marine  
  51  4:18  Supply Depot  
  51  4:25  SCV x2  
  53  4:34  Supply Depot  
  53  4:37  SCV x2, Command Center  
  55  4:43  Factory Reactor  
  55  4:44  Barracks  
  55  4:46  Barracks  
  55  4:47  Marine  
  55  4:48  Stimpack  
  55  4:49  SCV  
  55  4:50  SCV  
  58  4:55  Refinery  
  58  4:57  Refinery  
  58  5:01  SCV  
  58  5:02  SCV  
  58  5:04  Supply Depot  
  58  5:06  Marine  
  61  5:11  Starport Reactor  
  61  5:13  SCV  
  62  5:14  SCV  
  62  5:18  Engineering Bay  
  63  5:24  Marine  
  63  5:26  SCV  
  63  5:27  SCV  
  66  5:33  Siege Tank  
  69  5:36  Marine x2  
  69  5:38  SCV, Marine x2  
  69  5:41  Supply Depot  
  74  5:45  Terran Infantry Weapons Level 1, Marine  
  74  5:46  SCV  
  76  5:50  SCV, Orbital Command  
  76  5:51  Supply Depot  
  76  5:54  Marine  
  76  5:56  Medivac x2  
  82  5:59  Marine x2  
  82  6:01  Marine  
  83  6:06  Siege Tank  
  86  6:11  Supply Depot, Marine x2  
  87  6:20  Marine x3  
  90  6:27  Medivac x2  
  90  6:29  Marine  
  95  6:36  SCV x2, Engineering Bay, Marine  
  95  6:38  Marine x2  
  100  6:47  Siege Tank  
  100  6:52  Marine x2  
  100  6:53  Marine  
  106  6:56  Marine x2  
  90  7:02  Medivac x2  
  90  7:06  Combat Shield  
  84  7:09  Marine  
  84  7:10  Marine  
  84  7:15  Marine x3  
  89  7:19  SCV x2, Siege Tank  
  89  7:22  Armory  
  94  7:27  Marine  
  94  7:28  Marine  
  96  7:33  Marine x2  
  96  7:36  Marine  
  98  7:38  Viking  
  98  7:39  Viking  
  102  7:45  Marine x2  
  102  7:50  Marine  
  105  7:51  Marine  
  105  7:54  Marine  
  107  8:03  Marine x2  
  105  8:07  Siege Tank  
  105  8:08  Marine  
  105  8:09  Marine  
  105  8:11  Marine  
  101  8:19  Viking x2  
  83  8:21  Marine x2  
  80  8:27  Marine  
  80  8:30  Barracks  
  80  8:31  Barracks  
  80  8:33  Marine x2  
  83  8:39  Marine x2  
Tags
 
Add a new tag
Caveats
  • Supply blocks, unpowered buildings, or Contaminate may cause inaccurate times.
  • Supply counts are checked every 10 seconds.